 Dungeon Crawl Stone Soup version 0.31.0-32-g396128a36d (webtiles) character file.

Game seed: 12710745668646353512

25 bronco the Chopper (level 2, -2/26 HPs)
             Began as a Minotaur Fighter on Apr 17, 2024.
             Slain by an adder (3 damage)
             ... on level 2 of the Dungeon.
             The game lasted 00:01:10 (780 turns).

bronco the Chopper (Minotaur Fighter)                Turns: 780, Time: 00:01:11

Health: -2/26      AC:  7    Str: 20    XL:     2   Next: 82%
Magic:  1/1        EV:  9    Int:  5    God:
Gold:   38         SH:  4    Dex:  9    Spells: 1/1 levels left

rFire   . . .        a - +0 war axe
rCold   . . .        c - +0 buckler
rNeg    . . .        b - +0 scale mail
rPois   .            e - +1 hat
rElec   .            (no cloak)
rCorr   .            (no gloves)
SInv    .            (no boots)
Will    .....        (no amulet) Stlth
                     (no ring)
HPRegen 0.24/turn    (no ring)
MPRegen 0.07/turn

%: no passive effects
@: mighty, attractive
A: horns 2, retaliatory headbutt
a: no special abilities


You were on level 2 of the Dungeon.
You visited 1 branch of the dungeon, and saw 2 of its levels.

You collected 38 gold pieces.

Inventory:

Hand Weapons
 a - a +0 war axe (weapon)
Missiles
 h - 6 stones (quivered)
Armour
 b - a +0 scale mail (worn)
 c - a +0 buckler (worn)
 e - a +1 hat (worn)
Scrolls
 g - a scroll of identify {unknown}
 i - 2 scrolls of enchant weapon {unknown}
 j - 2 scrolls of teleportation {unknown}


   Skills:
 - Level 3.6 Fighting
 + Level 4.2 Axes
 - Level 3.6 Armour
 - Level 3.6 Shields


You had one spell level left.
You didn't know any spells.
Your spell library was empty.

Dungeon Overview and Level Annotations

Branches:
Dungeon (2/15)

Altars:

Shops:
D:1 :


Innate Abilities, Weirdness & Mutations

You have a pair of horns on your head.
You reflexively headbutt those who attack you in melee.


Message History

The adder bites you but does no damage.
You closely miss the adder. Your headbutt misses the adder.
You hit the ribbon worm.
The ribbon worm bites you but does no damage.
The adder bites you.
You slash the ribbon worm!
The ribbon worm is almost dead.
You barely miss the adder. The adder closely misses you.
The ribbon worm expels a string of sticky webbing.
The stream of webbing hits you but does no damage.
You are caught in a web!
The adder bites you but does no damage.
You struggle to detach yourself from the web.
The adder bites you but does no damage. The ribbon worm bites you.
You struggle to detach yourself from the web.
The adder closely misses you.
The ribbon worm expels a string of sticky webbing.
The stream of webbing hits you but does no damage.
You are even more entangled.
The adder barely misses you.
The web tears apart.
The adder barely misses you. The ribbon worm bites you.
You barely miss the ribbon worm. You headbutt the ribbon worm.
The ribbon worm is severely wounded.
You barely miss the adder. The adder bites you but does no damage.
The ribbon worm bites you. The adder bites you but does no damage.
You closely miss the adder. You hit the ribbon worm.
The adder bites you but does no damage. You block the ribbon worm's attack.
The adder bites you.
* * * LOW HITPOINT WARNING * * *
You barely miss the adder. Your headbutt misses the adder.
You hit the ribbon worm. The adder bites you but does no damage.
The ribbon worm bites you.
* * * LOW HITPOINT WARNING * * *
It was a potion of attraction.
You feel attractive to monsters. The adder bites you but does no damage.
The ribbon worm bites you but does no damage.
The adder bites you.
* * * LOW HITPOINT WARNING * * *
You feel very mighty all of a sudden. The adder bites you.
You die...

#. #S# #.# #.# ####
######.##...
.......S#w##### #
#....@.....#
.#.###.#..#.###.###
..........#.......#
#.................
######...##.##.#.#####
##.###.##.#.#...# #.#
#.##.....#.# #.#
#.####.#...# ##'###.#
#.##.##


You could see a ribbon worm and an adder.

Vanquished Creatures
  2 dart slugs (D:1)
  A ball python (D:1)
  An endoplasm (D:1)
  A giant cockroach (D:1)
  3 hobgoblins (D:1)
  2 jackals (D:1)
  2 kobolds (D:1)
  A bat (D:1)
  3 frilled lizards (D:1)
  3 goblins (D:1)
19 creatures vanquished.

Notes
Turn   | Place    | Note
-------+----------+-------------------------------------------
     0 | D:1      | bronco the Minotaur Fighter began the quest for the Orb.
     0 | D:1      | Reached XP level 1. HP: 19/19 MP: 0/0
    62 | D:1      | Reached skill level 3 in Axes
   263 | D:1      | Reached XP level 2. HP: 18/26 MP: 1/1
   424 | D:1      | Reached skill level 4 in Axes
   468 | D:1      | Found Tiguott's Book Shoppe.
   779 | D:2      | HP: 1/26 [adder (1)]
   780 | D:2      | Slain by an adder

Illustrated notes

Levels and vault maps discovered:
D:1:      wheals_arrival_shading, layout_loops_ring, serial_shops,
          nicolae_shop_tiny_waterfront
D:2:      layout_loops_corners

Skill      XL: |  1  2 |
---------------+-------+-----
Axes           | 3 4 |  4.2
Fighting       | |  3.6
Armour         | |  3.6
Shields        | |  3.6

Action                     || total
---------------------------++-------
  Melee: War axe           ||    45
         Headbutt          ||     6
    Use: Potion            ||     2
 Armour: Scale mail        ||    49
  Dodge: Dodged            ||    17
  Block: Buckler           ||     8
